Map: Ruins of Seras

Players

Lambo - Winner!

  • Race: Zerg Zerg
  • League: Grandmaster

Semper

  • Race: Terran Terran
  • League: Grandmaster

Event: DreamHack ROCCAT LotV Championship

VOD

Have the link to the VOD?

Description

Time

  • Played on: Nov. 26, 2015, 6:21 a.m.
  • Length: 8:51

All games in this series

Show
View Real Time Build Order
Export as new Build Order

Lambo Zerg - Winner!

Build Orders: Hatch First 

Get SALT Encoding   

  12  0:01  Drone  
  13  0:12  Overlord  
  13  0:17  Drone  
  14  0:30  Drone x2  
  14  0:35  Drone  
  17  0:53  Hatchery  
  17  0:55  Drone  
  17  1:09  Spawning Pool  
  16  1:12  Drone  
  17  1:19  Drone  
  18  1:39  Hatchery  
  17  1:40  Drone  
  17  1:43  Drone  
  17  1:46  Drone  
  20  1:54  Extractor  
  20  1:55  Queen  
  21  2:06  Queen  
  23  2:10  Zergling x2  
  23  2:12  Drone  
  23  2:15  Drone  
  26  2:21  Overlord  
  26  2:26  Drone  
  27  2:31  Drone  
  28  2:42  Drone, Queen  
  31  2:46  Drone x2  
  33  2:53  Drone  
  33  2:54  Drone  
  33  2:56  Metabolic Boost  
  35  2:59  Drone  
  35  3:03  Overlord  
  36  3:09  Drone x2  
  38  3:14  Queen  
  38  3:18  Drone x2  
  42  3:25  Drone x3  
  45  3:29  Queen  
  45  3:33  Overlord  
  47  3:36  Drone  
  47  3:37  Drone  
  47  3:39  Overlord  
  49  3:44  Drone  
  50  3:52  Extractor  
  50  3:53  Drone x5  
  54  3:57  Overlord  
  54  4:00  Zergling x2  
  54  4:01  Drone x4  
  58  4:11  Roach Warren, Zergling x4  
  58  4:12  Drone  
  58  4:16  Drone  
  58  4:17  Drone  
  62  4:18  Lair  
  62  4:22  Drone x2  
  62  4:23  Drone  
  65  4:25  Drone x2  
  65  4:28  Extractor  
  65  4:29  Extractor  
  66  4:31  Drone x3  
  66  4:34  Overlord  
  68  4:39  Drone x4  
  68  4:42  Extractor  
  68  4:44  Evolution Chamber  
  70  4:45  Extractor  
  70  4:48  Drone x3  
  70  4:50  Evolution Chamber  
  71  4:57  Zergling x6  
  73  5:01  Zergling x10  
  75  5:13  Zerg Missile Weapons Level 1  
  75  5:14  Roach x3  
  81  5:18  Zerg Ground Armor Level 1, Glial Reconstitution  
  81  5:24  Overlord  
  81  5:25  Overlord  
  81  5:33  Overlord x2  
  81  5:35  Overlord  
  81  5:37  Overlord  
  81  5:41  Overlord  
  81  5:44  Drone  
  81  5:45  Drone x2  
  81  5:46  Drone x3  
  81  5:49  Drone x2  
  88  6:01  Queen  
  90  6:05  Spore Crawler  
  90  6:08  Ravager  
  90  6:09  Ravager x2  
  90  6:11  Drone x3  
  93  6:18  Roach x5  
  103  6:29  Roach x6  
  103  6:31  Drone  
  103  6:32  Drone  
  114  6:41  Drone x2  
  114  6:42  Drone  
  117  6:47  Overseer  
  117  6:50  Hatchery, Overlord  
  116  6:56  Overlord  
  116  6:57  Roach x2  
  116  7:00  Ravager  
  116  7:01  Ravager x7  
  128  7:05  Roach  
  130  7:09  Overlord x2  
  130  7:10  Roach x3  
  130  7:11  Roach  
  130  7:13  Overlord  
  138  7:20  Overlord  
  138  7:22  Ravager x2  
  141  7:23  Ravager x3  
  141  7:24  Roach  
  141  7:29  Roach x4  
  153  7:31  Roach  
  153  7:33  Roach  
  153  7:36  Roach  
  153  7:37  Roach  
  161  7:40  Roach x2  
  165  7:44  Roach x3  
  169  7:56  Roach x4  
  169  7:58  Overlord  
  177  8:04  Roach x4  
  176  8:18  Roach x7  
  176  8:19  Roach x3  
  177  8:30  Roach x3  
Show
View Real Time Build Order
Export as new Build Order

Semper Terran 

Build Orders: MMM Bio 

Get SALT Encoding   

  12  0:01  SCV  
  13  0:13  SCV  
  14  0:18  Supply Depot  
  14  0:25  SCV  
  15  0:39  SCV  
  15  0:41  Barracks  
  16  0:45  Refinery  
  16  0:51  SCV  
  17  1:03  SCV  
  18  1:16  SCV  
  19  1:29  Orbital Command  
  19  1:32  Barracks Reactor  
  19  1:45  Command Center  
  19  1:55  SCV  
  19  1:58  Supply Depot  
  20  2:07  SCV  
  21  2:08  Marine x2  
  21  2:15  Factory  
  23  2:19  SCV  
  24  2:27  Marine x2  
  26  2:31  SCV  
  26  2:35  Refinery  
  27  2:43  SCV  
  28  2:45  Marine x2  
  30  2:56  SCV  
  31  2:59  Starport  
  31  3:02  Orbital Command  
  31  3:05  Factory Tech Lab  
  31  3:08  SCV  
  31  3:10  Marine x2  
  34  3:17  Bunker  
  34  3:21  SCV  
  35  3:28  Supply Depot  
  35  3:30  SCV  
  35  3:33  Siege Tank  
  39  3:36  SCV  
  39  3:40  Medivac  
  42  3:43  SCV  
  42  3:48  Supply Depot  
  43  3:50  SCV  
  43  3:54  Marine  
  43  3:55  SCV, Marine  
  47  4:03  SCV, Supply Depot  
  47  4:07  SCV  
  49  4:12  Marine  
  49  4:14  Siege Tank, Liberator  
  49  4:15  SCV  
  54  4:18  Supply Depot  
  54  4:19  SCV  
  55  4:27  SCV  
  59  4:33  SCV  
  60  4:39  Command Center  
  60  4:43  SCV  
  61  4:47  SCV  
  61  4:49  Supply Depot, Barracks Tech Lab  
  62  4:56  Barracks  
  62  5:00  SCV  
  62  5:04  Factory Reactor  
  62  5:05  SCV  
  63  5:09  Engineering Bay  
  63  5:10  Marine  
  63  5:13  Engineering Bay  
  63  5:14  Stimpack  
  64  5:15  SCV  
  64  5:28  Marine  
  64  5:29  SCV  
  64  5:31  Barracks, Starport Reactor  
  64  5:32  SCV  
  64  5:33  Refinery x2  
  67  5:44  Terran Infantry Weapons Level 1  
  67  5:45  SCV x2, Terran Infantry Armor Level 1  
  67  5:46  Marine  
  70  5:52  Marine x2  
  70  5:53  Supply Depot  
  72  5:59  Factory Reactor  
  72  6:01  Factory Tech Lab  
  71  6:04  SCV  
  71  6:06  Marauder  
  71  6:10  SCV  
  74  6:13  Barracks  
  74  6:15  Barracks  
  74  6:16  Orbital Command  
  74  6:24  Marine  
  75  6:25  Bunker  
  75  6:27  Marine, Marauder  
  75  6:28  Siege Tank  
  75  6:31  SCV x2  
  81  6:36  Orbital Command  
  81  6:39  Armory  
  80  6:43  SCV x2  
  80  6:44  Refinery  
  80  6:45  Refinery  
  82  6:47  Marine x3  
  82  6:48  Marine x2  
  87  6:55  SCV  
  87  7:00  Siege Tank  
  90  7:12  SCV x3  
  93  7:16  Marauder, Marine  
  93  7:17  Barracks Reactor, Barracks Tech Lab  
  93  7:18  Combat Shields, Marine x3  
  93  7:21  Supply Depot  
  99  7:24  SCV x2  
  99  7:27  SCV  
  102  7:31  Medivac x2  
  102  7:34  Marine  
  102  7:36  Marine x2  
  109  7:41  Supply Depot  
  109  7:43  SCV x3  
  112  7:46  Siege Tank  
  112  7:47  Marine x2  
  112  7:48  Marine  
  117  7:55  Supply Depot  
  117  7:57  Supply Depot  
  117  7:58  SCV, Marine  
  117  8:05  Marine  
  110  8:16  Marine x7  
  110  8:18  Siege Tank  
  90  8:23  Marine  
  73  8:35  SCV x2  

Tags
 
Add a new tag
Caveats
  • Supply blocks, unpowered buildings, or Contaminate may cause inaccurate times.
  • Supply counts are checked every 10 seconds.